 Dungeon Crawl Stone Soup version 0.23-a0-38-g6d804a8 (webtiles) character file.

90554 Amnesiac the Earth Mage (level 15, -2/90 HPs)
             Began as a Mummy Earth Elementalist on Aug 5, 2018.
             Was a High Priest of Vehumet.
             Killed from afar by a deep elf knight (29 damage)
             ... with a stone arrow
             ... on level 1 of the Elven Halls.
             The game lasted 00:58:35 (22979 turns).

Amnesiac the Earth Mage (Mummy Earth Elementalist) Turns: 22979, Time: 00:58:35

Health: -2/90      AC:  5    Str: 17    XL:     15   Next: 52%
Magic:  20/55      EV: 11    Int: 22    God:    Vehumet [*****.]
Gold:   1774       SH:  0    Dex: 12    Spells: 17/50 levels left

rFire    . . .     SeeInvis .   a - staff of earth
rCold    + . .     Gourm    .   (no shield)
rNeg     + + +     Faith    .   n - +0 troll leather armour
rPois    ∞         Spirit   .   (no helmet)
rElec    .         Reflect  .   w - +0 cloak
rCorr    .         Harm     .   (no gloves)
MR       +....                  (no boots)
Stlth    +.........             d - amulet "Hekleski" {Inacc rN+ MP+9 Str+6}
HPRegen  0.65/turn              G - ring of protection from fire
MPRegen  0.34/turn              l - ring of magical power

@: very slightly contaminated
A: no food or potions, fire vulnerability, cold resistance 1, negative energy
resistance 3, torment resistance, unbreathing, in touch with death 1
a: Renounce Religion


You were on level 1 of the Elven Halls.
You worshipped Vehumet.
Vehumet was extremely pleased with you.
You were not hungry.

You visited 4 branches of the dungeon, and saw 19 of its levels.
You also visited: Labyrinth and Ice Cave.

You collected 2810 gold pieces.
You spent 1036 gold pieces at shops.

Inventory:

Hand Weapons
 b - the +8 morningstar of the Hero {vamp, rElec rN++, unknown}
   (You took it off a boggart on level 15 of the Dungeon)

   It inflicts no extra harm, but heals its wielder when it wounds a living foe.
   It insulates you from electricity.
   It greatly protects you from negative energy.
 z - the +11 flail of Massacring {vamp, rElec, unknown}
   (You took it off a centaur on level 15 of the Dungeon)

   It inflicts no extra harm, but heals its wielder when it wounds a living foe.
   It insulates you from electricity.
Missiles
 g - 167 stones (quivered)
Armour
 n - a +0 troll leather armour (worn)
 w - a +0 cloak (worn)
 y - a scarf of cloud immunity
 F - a +0 pair of gloves
Magical Staves
 a - an uncursed staff of earth (weapon)
Jewellery
 d - the amulet "Hekleski" (around neck) {Inacc rN+ MP+9 Str+6}
   (You found it in an ice cave)

   [amulet of inaccuracy]

   It reduces the accuracy of all your attacks.
   It affects your strength (+6).
   It protects you from negative energy.
   It affects your magic capacity (+9).
 i - an uncursed ring of wizardry
 l - a ring of magical power (right hand)
 m - an uncursed ring of flight
 u - an uncursed amulet of rage {unknown}
 D - the ring of Komillarr {rCorr +Inv}
   (You took it off an orc on level 11 of the Dungeon)

   [ring of resist corrosion]

   It lets you turn invisible.
 G - a ring of protection from fire (left hand)
Wands
 q - a wand of clouds (3)
 s - a wand of digging (36)
 t - a wand of disintegration (2)
 v - a wand of polymorph (63)
 B - a wand of iceblast (6)
 E - a wand of random effects (36)
Scrolls
 c - 4 scrolls of enchant armour {!r}
 e - 4 scrolls of blinking {!r}
 f - 7 scrolls of teleportation {!r}
 h - 6 scrolls of magic mapping {!r}
 j - 3 scrolls of enchant weapon {!r}
 k - 3 scrolls of fog {!r}
 o - 4 scrolls of fear {!r}
 p - 6 scrolls of amnesia {!r}
 r - 8 scrolls of remove curse {!r}
 x - 4 scrolls of identify {!r}
 A - a scroll of vulnerability {!r}
 C - 2 scrolls of brand weapon {!r}


   Skills:
 - Level 1.5 Dodging
 - Level 1.5 Stealth
 + Level 18.2 Spellcasting
 - Level 0.7 Transmutations
 * Level 18.2 Earth Magic


You had 17 spell levels left.
You knew the following spells:

 Your Spells              Type           Power        Failure   Level  Hunger
a - Iron Shot             Conj/Erth      ######....   3%          6    N/A
b - Passwall              Tmut/Erth      #######.     1%          2    N/A
c - Sandblast             Erth           ######       0%          1    N/A
d - Lee's Rapid Deconstr  Erth           ########..   1%          5    N/A
e - Petrify               Tmut/Erth      #######.     1%          4    N/A
q - Yara's Violent Unrav  Hex/Tmut       ###.......   19%         5    N/A
v - Blink                 Tloc           N/A          4%          2    N/A
w - Irradiate             Conj/Tmut      ###.......   19%         5    N/A
z - Ozocubu's Armour      Chrm/Ice       ###.....     10%         3    N/A

Your spell library contained the following spells:

 Spells                   Type           Power        Failure   Level  Hunger
 Magic Dart               Conj           ###.         1%          1    N/A
 Conjure Flame            Conj/Fire      ###.....     2%          3    N/A
 Bolt of Cold             Conj/Ice       ###.......   73%         6    N/A
 Lightning Bolt           Conj/Air       ###.......   22%         5    N/A
 Bolt of Magma            Conj/Fire/Erth ######....   2%          5    N/A
 Slow                     Hex            ###.....     4%          2    N/A
 Confuse                  Hex            ###.....     10%         3    N/A
 Freezing Cloud           Conj/Ice/Air   ###.......   73%         6    N/A
 Mephitic Cloud           Conj/Pois/Air  ###.....     2%          3    N/A
 Ring of Flames           Chrm/Fire      ###.......   100%        7    N/A
 Summon Small Mammal      Summ           ###.         3%          1    N/A
 Animate Dead             Necr           N/A          32%         4    N/A
 Pain                     Necr           ####         3%          1    N/A
 Animate Skeleton         Necr           N/A          3%          1    N/A
 Vampiric Draining        Necr           ####......   10%         3    N/A
 Ozocubu's Refrigeration  Ice            ###.......   73%         6    N/A
 Summon Ice Beast         Ice/Summ       ###.....     32%         4    N/A
 Call Imp                 Summ           ###.....     4%          2    N/A
 Regeneration             Chrm/Necr      ####......   10%         3    N/A
 Corpse Rot               Necr           N/A          4%          2    N/A
 Stone Arrow              Conj/Erth      ######       1%          3    N/A
 Shock                    Conj/Air       ###.         1%          1    N/A
 Swiftness                Chrm/Air       ###.....     4%          2    N/A
 Statue Form              Tmut/Erth      #######..    10%         6    N/A
 Ice Form                 Ice/Tmut       ###.....     26%         4    N/A
 Dragon Form              Tmut           ###.......   100%        7    N/A
 Airstrike                Air            ###.......   9%          4    N/A
 Confusing Touch          Hex            ###...       3%          1    N/A
 Call Canine Familiar     Summ           ###.....     10%         3    N/A
 Metabolic Englaciation   Hex/Ice        ###.......   65%         5    N/A
 Static Discharge         Conj/Air       ###.....     2%          3    N/A
 Simulacrum               Ice/Necr       ####......   99%         6    N/A
 Darkness                 Hex            ###.......   99%         6    N/A
 Shroud of Golubria       Chrm/Tloc      ###.......   4%          2    N/A
 Iskenderun's Battlesphe  Conj/Chrm      ###.....     22%         5    N/A
 Infusion                 Chrm           ###.         3%          1    N/A
 Song of Slaying          Chrm           ###.....     4%          2    N/A
 Summon Lightning Spire   Summ/Air       ###.....     32%         4    N/A
 Summon Guardian Golem    Hex/Summ       ###.....     10%         3    N/A
 Hydra Form               Tmut           ###.......   98%         6    N/A
 Gell's Gravitas          Tloc           ###.......   10%         3    N/A
 Poisonous Vapours        Pois/Air       ###...       4%          2    N/A

Dungeon Overview and Level Annotations

Branches:
Dungeon (15/15)            Temple (1/1) D:6            Lair (0/6) D:8
    Orc (2/2) D:11            Elf (1/3) Orc:2        Vaults (0/5) D:14
 Depths (0/5) D:15

Altars:
Ashenzari
Dithmenos
Fedhas
Gozag
Kikubaaqudgha
Makhleb
Nemelex Xobeh
Qazlal
Ru
Sif Muna
Trog
Uskayaw
Vehumet
Xom
Yredelemnul
The Shining One
Beogh

Shops:
D:7 *   Orc:2 =%?![


Innate Abilities, Weirdness & Mutations

You do not eat or drink.
Your flesh is vulnerable to fire.
You are immune to poison.
Your flesh is cold resistant. (rC+)
You are immune to negative energy. (rN+++)
You are immune to unholy pain and torment.
You can survive without breathing.
You are in touch with the powers of death.


Message History

Okay, then.
Casting: Lee's Rapid Deconstruction (safe; 1% risk of failure)
Confirm with . or Enter, or press ? or * to list all spells.
All monsters which could be auto-targeted are covered by a wall or statue which interrupts your line of fire, even though it doesn't interrupt your line of sight.
Aiming: Lee's Rapid Deconstruction (safe; 1% risk of failure)
Press: ? - help, Dir - move target cursor A rock wall.
You feel a surge of power!
The wall shatters!
The blast of rock fragments hits the deep elf mage.
You kill the deep elf mage!
Vehumet accepts your kill.
You feel your power returning.
A deep elf mage comes into view. It is wielding a short sword.
The deep elf mage points at you and mumbles some strange words.
The stone arrow hits you!
Unknown command.
There is a staircase back to the Mines here.
The deep elf mage shouts!
Casting: Lee's Rapid Deconstruction (safe; 1% risk of failure)
Confirm with . or Enter, or press ? or * to list all spells.
Aiming: Lee's Rapid Deconstruction (safe; 1% risk of failure)
Press: ? - help, Dir - move target cursor A rock wall.
You feel a surge of power!
The wall shatters!
The blast of rock fragments hits the deep elf mage.
The deep elf mage is almost dead.
You hear a shout!
The deep elf mage casts a spell.
The deep elf mage casts a spell at you. The stone arrow hits you!
* * * LOW HITPOINT WARNING * * *
Casting: Lee's Rapid Deconstruction (safe; 1% risk of failure)
Confirm with . or Enter, or press ? or * to list all spells.
Aiming: Lee's Rapid Deconstruction (safe; 1% risk of failure)
Press: ? - help, Dir - move target cursor A rock wall.
You feel a surge of power!
The wall shatters!
The blast of rock fragments hits the deep elf mage.
The deep elf mage is severely wounded.
The blast of rock fragments hits the demonic crawler.
The demonic crawler is moderately wounded.
The blast of rock fragments hits the deep elf mage.
You kill the deep elf mage!
Vehumet accepts your kill.
You feel your power returning.
The earth elemental disappears in a puff of smoke!
Casting: Lee's Rapid Deconstruction (safe; 1% risk of failure)
Confirm with . or Enter, or press ? or * to list all spells.
Aiming: Lee's Rapid Deconstruction (safe; 1% risk of failure)
Press: ? - help, Dir - move target cursor An iron grate.
You feel a surge of power!
The iron grate shatters!
The blast of metal fragments hits the deep elf mage.
You kill the deep elf mage!
Vehumet accepts your kill.
You feel your power returning.
The demonic crawler disappears in a puff of smoke!
The tarantella disappears in a puff of smoke!
The blast of metal fragments hits the deep elf mage.
You kill the deep elf mage!
Vehumet accepts your kill.
You feel your power returning.
The deep elf knight gestures at you while chanting.
The stone arrow hits you!
You die...

#.....#
..###..§..###).
. '.#.§.§.#.'
...###).§..###).
...'.#..e^.#§'..
..###).)..###..
+)#)....#)).
###.....###..
#.@...# #.....#
#######


You could see a deep elf knight.

Vanquished Creatures
  A stone giant (Orc:1)
  A white draconian (IceCv)
  A minotaur (Lab)
  3 hydras
  4 vault guards (D:14)
  A catoblepas (D:14)
  Harold (D:11)
  6 centaur warriors
  Erica (D:9)
  4 ogre magi (Orc:2)
  16 two-headed ogres
  2 death yaks (IceCv)
  A vampire mage (D:15)
  6 skeletal warriors
  A deep elf knight (Elf:1)
  A fire crab (shapeshifter) (D:14)
  5 unseen horrors
  An orc knight (Orc:2)
  3 deep elf archers
  Pikel (D:7)
  A necromancer (D:15)
  An orc sorcerer (Orc:2)
  A wolf spider (D:15)
  2 cyclopes
  17 deep elf magi
  A manticore (D:15)
  24 ugly things
  A frost giant zombie (D:15)
  An ice statue (IceCv)
  A stone giant skeleton (D:15)
  2 centaur zombies
  3 kobold demonologists
  A komodo dragon (D:9)
  An efreet (D:15)
  3 freezing wraiths
  4 yaktaurs (D:15)
  A minotaur skeleton (Lab)
  A queen bee (D:10)
  3 trolls
  A meliai (D:14)
  10 polar bears (IceCv)
  A meliai zombie (D:14)
  A blink frog (shapeshifter) (D:15)
  6 hippogriffs
  A centaur simulacrum (D:15)
  A spriggan skeleton (D:15)
  An ice dragon skeleton (D:15)
  4 vampires
  2 wraiths
  A wyvern (D:15)
  2 basilisks
  4 hogs (D:8)
  A human (D:8)
  39 yaks
  A yak (shapeshifter) (D:14)
  A steam dragon (D:9)
  4 wargs
  A soldier ant (shapeshifter) (D:15)
  An acid dragon (D:14)
  A water moccasin (D:11)
  Duvessa (D:4)
  A floating eye (shapeshifter) (D:13)
  5 porcupines (D:8)
  16 orc warriors
  A black bear (shapeshifter) (D:13)
  3 sky beasts
  4 phantoms
  4 ice beasts
  4 slaves (D:7)
  3 black bears
  A necrophage (D:14)
  19 wolves (IceCv)
  A boggart (D:15)
  35 ogres
  2 crocodiles
  23 centaurs
  2 big kobolds
  12 bullfrogs
  3 wyvern zombies
  Dowan (D:4)
  A water moccasin zombie (D:7)
  8 scorpions
  24 killer bees
  A troll skeleton (Lab)
  7 wights
  5 howler monkeys
  7 crimson imps
  A bullfrog zombie (D:12)
  A jelly (D:9)
  20 orc wizards
  A bullfrog skeleton (D:6)
  15 orc priests
  4 centaur skeletons
  8 hounds
  3 iguanas
  Terence (D:2)
  17 worker ants
  A hound zombie (D:8)
  A hound skeleton (D:5)
  A howler monkey zombie (D:6)
  3 gnolls (D:3)
  15 adders
  7 shadow imps
  2 oozes (D:3)
  3 adder skeletons
  An adder zombie (D:7)
  4 worms
  2 dart slugs
  4 leopard geckos
  79 orcs
  8 bats
  5 giant cockroaches
  4 goblins
  6 hobgoblins
  16 jackals
  14 kobolds
  4 quokkas
  3 ball pythons
  8 frilled lizards
  A quokka skeleton (D:7)
  8 rats
678 creatures vanquished.

Vanquished Creatures (others)
  2 fungi (D:8)
  13 plants (D:10)
  3 withered plants (D:15)
18 creatures vanquished.

Grand Total: 696 creatures vanquished

Notes
Turn   | Place    | Note
-------+----------+-------------------------------------------
     0 | D:1      | Amnesiac the Mummy Earth Elementalist began the quest for the Orb.
     0 | D:1      | Reached XP level 1. HP: 13/13 MP: 4/4
    70 | D:1      | Reached XP level 2. HP: 9/19 MP: 0/5
    75 | D:1      | Learned a level 2 spell: Passwall
   225 | D:2      | Reached XP level 3. HP: 8/24 MP: 0/7
   230 | D:2      | Learned a level 3 spell: Stone Arrow
   490 | D:2      | Noticed Terence
   858 | D:3      | Found an opulent altar of Gozag.
  1054 | D:4      | Reached XP level 4. HP: 25/30 MP: 3/9
  1060 | D:4      | Learned a level 4 spell: Petrify
  1165 | D:4      | Reached XP level 5. HP: 35/35 MP: 4/11
  1209 | D:4      | Found a radiant altar of Vehumet.
  1258 | D:4      | Found a basalt altar of Yredelemnul.
  1261 | D:4      | Became a worshipper of Vehumet
  1782 | D:1      | Reached * piety under Vehumet
  1782 | D:1      | Offered knowledge of Shock by Vehumet.
  2125 | D:2      | Killed Terence
  2420 | D:3      | Found a stormy altar of Qazlal.
  2426 | D:3      | Found a blossoming altar of Fedhas.
  2456 | D:3      | Reached XP level 6. HP: 29/41 MP: 4/13
  2518 | D:3      | Reached skill level 5 in Earth Magic
  2659 | D:3      | Reached skill level 5 in Spellcasting
  2696 | D:3      | Learned a level 5 spell: Lee's Rapid Deconstruction
  2761 | D:3      | Offered knowledge of Searing Ray by Vehumet.
  2998 | D:4      | Reached ** piety under Vehumet
  3020 | D:4      | Noticed Duvessa
  3201 | D:4      | Killed Duvessa
  3286 | D:4      | Noticed Dowan
  3292 | D:4      | Killed Dowan
  3292 | D:4      | Reached XP level 7. HP: 46/46 MP: 12/15
  3804 | D:5      | Entered Level 5 of the Dungeon
  4801 | D:6      | Found a deep blue altar of Sif Muna.
  4868 | D:6      | Offered knowledge of Mephitic Cloud by Vehumet.
  4874 | D:6      | Found a staircase to the Ecumenical Temple.
  5049 | D:6      | Reached XP level 8. HP: 52/52 MP: 9/18
  5054 | D:6      | Found a sacrificial altar of Ru.
  5121 | D:6      | Identified a scroll of acquirement {!r}
  5163 | D:6      | Found a burning altar of Makhleb.
  5187 | D:6      | Found a burning altar of Makhleb.
  5228 | Temple   | Entered the Ecumenical Temple
  5297 | D:7      | Reached *** piety under Vehumet
  5512 | D:7      | Noticed Pikel
  5573 | D:7      | Killed Pikel
  5573 | D:7      | Reached XP level 9. HP: 41/57 MP: 0/21
  5610 | D:7      | Offered knowledge of Fulminant Prism by Vehumet.
  5648 | D:7      | Found a shattered altar of Ashenzari.
  5765 | D:7      | Found Uruops's Assorted Antiques.
  5881 | D:7      | Found an ancient bone altar of Kikubaaqudgha.
  5881 | D:7      | Found a glowing golden altar of the Shining One.
  6011 | D:8      | Found a sparkling altar of Nemelex Xobeh.
  6083 | D:8      | Found a staircase to the Lair.
  6119 | D:8      | Learned a level 5 spell: Irradiate
  6216 | D:8      | Reached skill level 10 in Spellcasting
  6216 | D:8      | Reached skill level 10 in Earth Magic
  6217 | D:8      | Reached XP level 10. HP: 63/63 MP: 12/24
  6265 | D:8      | Found a bloodstained altar of Trog.
  6313 | D:8      | Reached **** piety under Vehumet
  6401 | D:8      | Offered knowledge of Bolt of Magma by Vehumet.
  6747 | D:7      | Bought a glowing robe for 77 gold pieces
  7454 | D:9      | Found a shimmering altar of Xom.
  7460 | D:9      | Noticed Erica
  7463 | D:9      | Killed Erica
  7996 | D:10     | Entered Level 10 of the Dungeon
  8016 | D:10     | Noticed a two-headed ogre
  8020 | D:10     | Noticed a skeletal warrior
  8095 | D:10     | Reached XP level 11. HP: 59/68 MP: 4/26
  8168 | D:10     | Killed a two-headed ogre
  8282 | D:10     | Noticed a skeletal warrior
  8284 | D:10     | Noticed a skeletal warrior
  8290 | D:10     | Killed a skeletal warrior
  8294 | D:10     | Noticed a skeletal warrior
  8376 | D:9      | Killed a skeletal warrior
  8817 | D:10     | Killed a skeletal warrior
  8819 | D:10     | Killed a skeletal warrior
  8966 | D:10     | Reached ***** piety under Vehumet
  9126 | D:10     | Offered knowledge of Conjure Ball Lightning by Vehumet.
  9699 | D:11     | Noticed a brown ugly thing
  9705 | D:11     | Killed a brown ugly thing
  9831 | D:11     | Found a staircase to the Orcish Mines.
  9838 | D:11     | Noticed a six-headed hydra
  9840 | D:11     | Killed a six-headed hydra
  9945 | D:11     | Noticed a six-headed hydra
  9947 | D:11     | Killed a six-headed hydra
  9972 | D:11     | Reached XP level 12. HP: 74/74 MP: 5/29
 10308 | D:11     | Got a pitted platinum ring
 10557 | D:11     | Noticed Harold
 10561 | D:11     | Killed Harold
 11455 | D:11     | Identified the ring of Komillarr {rCorr +Inv} (You took it off an orc on level 11 of the Dungeon)
 11557 | Orc:1    | Entered Level 1 of the Orcish Mines
 11992 | Orc:2    | Entered Level 2 of the Orcish Mines
 11999 | Orc:2    | Found a staircase to the Elven Halls.
 12087 | Orc:2    | Found Mewokh's Antique Armour Boutique.
 12782 | Orc:2    | Noticed a two-headed ogre
 12783 | Orc:2    | Noticed a two-headed ogre
 12785 | Orc:2    | Noticed a two-headed ogre
 12787 | Orc:2    | Noticed a two-headed ogre
 12787 | Orc:2    | Killed a two-headed ogre
 12787 | Orc:2    | Killed a two-headed ogre
 12787 | Orc:2    | Noticed a two-headed ogre
 12793 | Orc:2    | Killed a two-headed ogre
 12793 | Orc:2    | Killed a two-headed ogre
 12797 | Orc:2    | Killed a two-headed ogre
 12833 | Orc:2    | Noticed an ogre mage
 12859 | Orc:2    | Killed an ogre mage
 13103 | Orc:1    | Offered knowledge of Freezing Cloud by Vehumet.
 13126 | Orc:1    | Gained mutation: You are in touch with the powers of death. [Mummy growth]
 13126 | Orc:1    | Reached XP level 13. HP: 63/79 MP: 5/31
 13289 | Orc:1    | Found a roughly hewn altar of Beogh.
 13323 | Orc:1    | Noticed a stone giant
 14393 | Orc:1    | Killed a stone giant
 14393 | Orc:1    | Reached skill level 15 in Spellcasting
 14393 | Orc:1    | Reached skill level 15 in Earth Magic
 15546 | Orc:2    | Found Komejuej's Distillery.
 15546 | Orc:2    | Found Vutao's Food Shoppe.
 15547 | Orc:2    | Found Teifo's Magic Scroll Shoppe.
 15547 | Orc:2    | Found Femossac's Jewellery Shop.
 15695 | Orc:2    | Bought a brightly glowing leather armour for 154 gold pieces
 15705 | Orc:2    | Identified the cursed +1 leather armour "Qafot" {+Fly rCorr Int-5} (You bought it in a shop on level 2 of the Orcish Mines)
 15779 | Orc:2    | Bought an uncursed ring of wizardry for 420 gold pieces
 15779 | Orc:2    | Bought an uncursed ring of magical power for 280 gold pieces
 16156 | Orc:2    | Bought a scroll of enchant armour for 105 gold pieces
 16565 | D:12     | Found a labyrinth entrance.
 16574 | Lab      | Entered a labyrinth
 16725 | Lab      | Noticed a minotaur
 16731 | Lab      | Killed a minotaur
 16742 | Lab      | Identified the Catalogue of Dark Bewitchment
 16745 | Lab      | Identified the Collected Works on the Mountains
 16752 | Lab      | Identified the Guide on Self-Knowledge
 17431 | D:13     | Offered knowledge of Venom Bolt by Vehumet.
 17587 | D:13     | Learned a level 6 spell: Iron Shot
 18204 | D:13     | Learned a level 2 spell: Blink
 18208 | D:13     | Learned a level 3 spell: Ozocubu's Armour
 18312 | D:14     | Reached XP level 14. HP: 57/85 MP: 22/34
 18442 | D:14     | Learned a level 5 spell: Yara's Violent Unravelling
 19338 | D:14     | Found a gate to the Vaults.
 19606 | D:14     | Offered knowledge of Ozocubu's Refrigeration by Vehumet.
 19935 | D:15     | Entered Level 15 of the Dungeon
 20247 | D:15     | Found a frozen archway.
 20398 | IceCv    | Entered an ice cave
 21072 | IceCv    | Reached XP level 15. HP: 90/90 MP: 13/36
 21077 | IceCv    | Offered knowledge of Poison Arrow by Vehumet.
 21362 | IceCv    | Got a scorched sapphire amulet
 21371 | IceCv    | Identified the amulet "Hekleski" {Inacc rN+ MP+9 Str+6} (You found it in an ice cave)
 22161 | D:15     | Got a brightly glowing morningstar {vamp}
 22168 | D:15     | Got a pitted flail {vamp}
 22493 | D:15     | Found a staircase to the Depths.
 22951 | Elf:1    | Entered Level 1 of the Elven Halls
 22979 | Elf:1    | Killed from afar by a deep elf knight

Vault maps used:
D:1:      dpeg_arrival_pits
D:2:      first_ration, minmay_misc_feat_pillars, st_stairs_10,
          minmay_misc_feat_rugged, uniq_terence
D:3:      grunt_temple_overflow_forces_of_nature,
          nicolae_gozag_cash_rules_everything_around_me
D:4:      grunt_temple_overflow_open, uniq_duvessa
D:5:      minmay_misc_feat_room
D:6:      nicolae_ru_sacrificial_ziggurat, nicolae_overflow_crystal_walls,
          overflow_temple_1_default, minmay_temple_entry_grid,
          minmay_misc_feat_four_crosses, makhleb_heckhound_becter
D:7:      evilmike_ruin_ashenzari, gammafunk_temple_overflow_elements,
          serial_shops, nicolae_shop_stone, uniq_pikel
D:8:      nemelex_xobeh_ov_fountains_minmay, due_lair_maze_entry_diamond,
          grunt_livestock, trog_three_pillars_becter
D:9:      lemuel_crystal_altar, minmay_door_square, uniq_erica
D:10:     nicolae_looking_at_the_future
D:11:     minmay_imperfect_grid, orc_0_dummy, uniq_harold
D:12:     lab_entry_generic
D:14:     minmay_open_boxes_in_corner, lightli_vaults_fourway_checkpoint,
          hangedman_decor_push, statue_in_the_mist_lemuel
D:15:     gammafunk_depths_entry_grave, serial_glass, glass_columns_a,
          glass_columns_a, portal_ice_cave_entry_pillars_1,
          minmay_the_grid_square_5x5_3x3_mashed
Temple:   compressed_dpeg_triangle_lava_temple
Orc:1:    minmay_orc_temple_a
Orc:2:    st_orc_ogre_mass, serial_shops, nicolae_shop_waterfront
Elf:1:    minmay_elf_arrival_summoners, minmay_elf_necromancy
Lab:      nicolae_lab_dead_adventurers, nicolae_lab_dead_end,
          nicolae_lab_hexagon, labyrinth_skeletal_remains
IceCv:    ice_cave_caverns_01

Skill      XL: |  1  2  3  4  5  6  7  8  9 10 11 12 13 14 15 |
---------------+----------------------------------------------+-----
Spellcasting   | 3 4 5 6 8 10 11 13 14 16 17 18 | 18.2
Earth Magic    | 3 4 5 6 8 10 11 13 14 16 17 18 | 18.2
Dodging        | |  1.5
Stealth        | |  1.5
Transmutations | |  0.7

Action                   |  1- 3 |  4- 6 |  7- 9 | 10-12 | 13-15 || total
-------------------------+-------+-------+-------+-------+-------++-------
Melee: Staff             |       |       |       |    22 |    12 ||    34
 Fire: Hunting sling     |    84 |   189 |    24 |       |       ||   297
Throw: Stone             |       |     1 |     1 |       |       ||     2
 Cast: Sandblast         |    24 |    13 |    79 |    77 |    23 ||   216
       Passwall          |     2 |     3 |       |     1 |    10 ||    16
       Stone Arrow       |       |    45 |    47 |       |       ||    92
       Petrify           |       |     1 |     1 |     8 |    12 ||    22
       Lee's Rapid Decon |       |       |    21 |   205 |   381 ||   607
       Irradiate         |       |       |       |     4 |     7 ||    11
       Iron Shot         |       |       |       |       |     6 ||     6
Evoke: Wand              |       |       |    10 |     4 |     3 ||    17
  Use: Scroll            |     1 |     3 |     9 |     7 |     7 ||    27
Armor: Robe              |    10 |    13 |     8 |    13 |     7 ||    51
       Troll leather arm |       |       |       |       |     5 ||     5
Dodge: Dodged            |    36 |    72 |    46 |    93 |    38 ||   285

Table legend:
 A = Spawn XP
 B = Non-spawn XP
 C = Spawn XP percentage of total XP
 D = Spawn monster count
 E = Non-spawn monster count
 F = Spawn count percentage of total count
 G = Total turns spent on level
                    A         B        C        D         E        F      G
               +---------+---------+-------+---------+---------+-------+---------
         Total |       0 |  129364 |   0.0 |       0 |     674 |   0.0 | 22979
               +---------+---------+-------+---------+---------+-------+---------
           D:1 |       0 |      63 |   0.0 |       0 |      33 |   0.0 |   874
           D:2 |       0 |     115 |   0.0 |       0 |      25 |   0.0 |  1031
           D:3 |       0 |     153 |   0.0 |       0 |      31 |   0.0 |   601
           D:4 |       0 |     624 |   0.0 |       0 |      20 |   0.0 |  1298
           D:5 |       0 |     118 |   0.0 |       0 |       9 |   0.0 |   791
           D:6 |       0 |     596 |   0.0 |       0 |      19 |   0.0 |   752
           D:7 |       0 |    1695 |   0.0 |       0 |      32 |   0.0 |   781
           D:8 |       0 |    3971 |   0.0 |       0 |      46 |   0.0 |   733
           D:9 |       0 |    3515 |   0.0 |       0 |      25 |   0.0 |  1921
          D:10 |       0 |    6670 |   0.0 |       0 |      50 |   0.0 |  1316
          D:11 |       0 |   10841 |   0.0 |       0 |      56 |   0.0 |  1887
          D:12 |       0 |    2606 |   0.0 |       0 |      23 |   0.0 |   863
          D:13 |       0 |    5014 |   0.0 |       0 |      22 |   0.0 |   961
          D:14 |       0 |   26935 |   0.0 |       0 |      75 |   0.0 |  1778
          D:15 |       0 |   17844 |   0.0 |       0 |      42 |   0.0 |  1492
         Orc:1 |       0 |    4629 |   0.0 |       0 |      39 |   0.0 |  1527
         Orc:2 |       0 |   19529 |   0.0 |       0 |      54 |   0.0 |  2783
         Elf:1 |       0 |   10240 |   0.0 |       0 |      17 |   0.0 |    28
           Lab |       0 |    1578 |   0.0 |       0 |       3 |   0.0 |   204
         IceCv |       0 |   12628 |   0.0 |       0 |      53 |   0.0 |  1356
               +---------+---------+-------+---------+---------+-------+---------
